 Dungeon Crawl Stone Soup version 0.28.0 (webtiles) character file.

Game seed: 13901263941594684255

2564 crazypyro the Geomancer (level 9, -3/45 HPs)
             Began as a Gargoyle Earth Elementalist on Feb 7, 2022.
             Was an Initiate of Vehumet.
             Slain by a yak (9 damage)
             ... on level 4 of the Dungeon.
             The game lasted 00:17:51 (8183 turns).

crazypyro the Geomancer (GrEE)                      Turns: 8183, Time: 00:17:52

Health: -3/45      AC:  9    Str: 11    XL:     9   Next: 57%
Magic:  2/18       EV: 14    Int: 21    God:    Vehumet [......]
Gold:   234        SH:  0    Dex: 16    Spells: 16/20 levels left

rFire   . . .      SeeInvis .   j - +4 club
rCold   . . .      Faith    .   (no shield)
rNeg    + . .      Spirit   .   b - +1 robe
rPois   ∞          Reflect  .   (no helmet)
rElec   +          Harm     .   (no cloak)
rCorr   .          Rampage  .   (no gloves)
Will    .....                   (no boots)
Stlth   ++........              (no amulet)
HPRegen 0.15/turn               l - +6 ring of dexterity
MPRegen 0.16/turn               (no ring)

@: studying Crossbows
A: sickness immunity, AC +6, negative energy resistance 1, electricity
resistance, torment resistance 1, petrification resistance
a: Renounce Religion


You were on level 4 of the Dungeon.
You worshipped Vehumet.
Vehumet was noncommittal.
You visited 2 branches of the dungeon, and saw 7 of its levels.
You also visited: Ossuary.

You collected 234 gold pieces.

Inventory:

Hand Weapons
 a - a +0 dagger
 j - a +4 club (weapon)
Missiles
 c - 19 stones
Armour
 b - a +1 robe (worn)
Magical Staves
 y - a staff of cold
Jewellery
 l - a +6 ring of dexterity (left hand)
 p - a ring of positive energy
Scrolls
 k - 2 scrolls of silence {unknown}
 m - 6 scrolls of identify
 s - a scroll of fog
 t - 2 scrolls of magic mapping {unknown}
 v - a scroll of torment {unknown}
 w - a scroll of enchant armour
 x - 2 scrolls of blinking {unknown}
 z - 2 scrolls of teleportation {unknown}
 A - a scroll of summoning {unknown}
Potions
 d - a potion of resistance {unknown}
 e - a potion of flight
 f - a potion of mutation {unknown}
 g - a potion of invisibility {unknown}
 h - 2 potions of curing {unknown}
 i - a potion of degeneration {unknown}
 n - a potion of attraction {unknown}
 o - a potion of haste {unknown}
 q - 2 potions of brilliance {unknown}
 r - a potion of lignification {unknown}
 u - a potion of cancellation {unknown}


   Skills:
 - Level 4.0 Maces & Flails
 - Level 3.1 Armour
 + Level 4.5 Dodging
 - Level 2.2 Stealth
 + Level 6.0 Spellcasting
 - Level 4.8 Conjurations
 - Level 1.0 Transmutations
 + Level 8.7 Earth Magic


You had 16 spell levels left.
You knew the following spells:

 Your Spells              Type           Power      Damage    Failure   Level
a - Sandblast             Erth           86%        2d18      1%          1
b - Stone Arrow           Conj/Erth      68%        3d11      1%          3

Your spell library contained the following spells:

 Spells                   Type           Power      Damage    Failure   Level
 Passwall                 Tmut/Erth      21%        N/A       1%          2
 Petrify                  Tmut/Erth      26%        N/A       13%         4
 Tukima's Dance           Hex            6%         N/A       28%         3
 Passage of Golubria      Tloc           6%         N/A       67%         4
 Yara's Violent Unravell  Hex/Tmut       4%         3d4       91%         5


Dungeon Overview and Level Annotations

Branches:
Dungeon (6/15)             Temple (1/1) D:5         Ossuary (visited)

Altars:
Vehumet

Shops:
D:2 (:


Innate Abilities, Weirdness & Mutations

You are immune to sickness and miasma.
Your stone body is resilient. (AC +6)
You are immune to poison.
You resist negative energy. (rN+)
You are resistant to electric shocks. (rElec)
You are resistant to unholy torment.
You are immune to petrification.


Message History

Press: ? - help, Shift-Dir - straight line, f/p - yak
Aim: a yak (heavily wounded, 84% to hit)
The stone arrow misses the yak.
The stone arrow hits the yak!
The yak is severely wounded.
The yak gores you.
You are too injured to fight recklessly!
Casting: Stone Arrow (safe; 1% risk of failure)
Confirm with . or Enter, or press ? or * to list all spells.
Aiming: Stone Arrow (safe; 1% risk of failure)
Press: ? - help, Shift-Dir - straight line, f/p - yak
Aim: a yak (heavily wounded, 84% to hit)
The stone arrow hits the yak!
The yak is almost dead.
The yak closely misses you.
Number of times to repeat, then command key: You must enter the number of times for the command to repeat.
You hit the yak.
The yak is almost dead.
The yak gores you but does no damage.
You hit the yak.
You kill the yak!
Vehumet accepts your kill. The yak gores you.
You sock the yak!
The yak is almost dead.
The yak misses you.
You hit the yak. You punch the yak.
The yak is almost dead.
The yak barely misses you.
You sock the yak!
You kill the yak!
Vehumet accepts your kill.
Your Spellcasting skill increases to level 6!
You hit the yak.
The yak is lightly wounded.
The yak gores you!
* * * LOW HITPOINT WARNING * * *
There is a stone staircase leading up here.
The yak gores you!
You die...

.# #.#..# ##
#.#..#############
#...>............#
#..#.###########.#
#..#.# #.#
#..#.######### #.#
#..#Y#...Y...# #.#
#..#Y#.#####.# #.#
#..#.#...Y@#.#
#.########
#..#.#######Y#
#........#
####....YY...#
########.###
########### #..<#
#####


You could see a yak.

Vanquished Creatures
  Grinder (D:4)
  4 yaks
  Edmund (D:4)
  A water moccasin (D:5)
  A black bear (D:5)
  A phantom (D:5)
  3 centaurs (D:5)
  An elf skeleton (D:4)
  A wyvern zombie (D:5)
  4 scorpions
  A bullfrog zombie (D:5)
  A human zombie (D:4)
  2 hounds (D:4)
  A gnoll shaman (D:5)
  3 jellies
  Jessica (D:2)
  An iguana (D:4)
  Terence (D:3)
  2 human skeletons (D:4)
  Natasha (thrice) (D:4)
  A killer bee zombie (D:6)
  A mummy (Ossuary)
  Robin (D:2)
  14 gnolls
  6 adders
  A white imp (D:5)
  An adder skeleton (D:5)
  2 worms
  5 dart slugs
  2 orcs (D:3)
  2 spectral bats (Ossuary)
  6 bats
  5 endoplasms
  A giant cockroach (D:1)
  17 goblins
  13 hobgoblins
  6 jackals
  A quokka (D:3)
  5 ball pythons (D:1)
  2 bat simulacra (Ossuary)
  6 frilled lizards
  12 gnoll zombies (Ossuary)
  3 goblin simulacra (Ossuary)
  2 goblin zombies (Ossuary)
  6 hobgoblin zombies (Ossuary)
  7 kobolds
  4 kobold simulacra (Ossuary)
  7 kobold zombies (Ossuary)
  2 orc skeletons (D:4)
  3 orc zombies (Ossuary)
  3 rats
  3 rat simulacra (Ossuary)
  A spectral goblin (Ossuary)
  A spectral kobold (Ossuary)
  2 spectral rats (Ossuary)
188 creatures vanquished.

Notes
Turn   | Place    | Note
-------+----------+-------------------------------------------
     0 | D:1      | crazypyro the Gargoyle Earth Elementalist began the quest
                  | for the Orb.
     0 | D:1      | Reached XP level 1. HP: 10/10 MP: 3/3
   185 | D:1      | Reached skill level 1 in Transmutations
   185 | D:1      | Reached XP level 2. HP: 15/15 MP: 3/5
   245 | D:1      | Reached skill level 4 in Earth Magic
   692 | D:1      | Reached XP level 3. HP: 17/19 MP: 3/6
   808 | D:1      | Learned a level 3 spell: Stone Arrow
  1451 | D:2      | Noticed Jessica
  1454 | D:2      | Killed Jessica
  1455 | D:2      | Reached skill level 1 in Conjurations
  1455 | D:2      | Reached XP level 4. HP: 24/24 MP: 3/7
  1524 | D:2      | Found Hourephu's Antique Weapon Emporium.
  1748 | D:2      | Found a faded altar of an unknown god.
  2292 | D:2      | Reached XP level 5. HP: 22/28 MP: 5/9
  2611 | D:2      | Found Wics's Book Shoppe.
  2726 | D:2      | Noticed Robin
  2732 | D:2      | Reached skill level 5 in Earth Magic
  2744 | D:2      | Reached skill level 1 in Maces & Flails
  2759 | D:2      | Killed Robin
  3408 | D:3      | Noticed Terence
  3413 | D:3      | Killed Terence
  3903 | D:4      | Reached XP level 6. HP: 32/32 MP: 7/10
  3930 | D:4      | Noticed Grinder
  3941 | D:4      | Killed Grinder
  4087 | D:4      | Reached XP level 7. HP: 36/36 MP: 2/12
  4251 | D:4      | Found a sand-covered staircase.
  4257 | D:4      | Reached skill level 6 in Earth Magic
  4260 | Ossuary  | Entered an ossuary
  5570 | D:5      | Entered Level 5 of the Dungeon
  5675 | D:4      | Reached skill level 1 in Armour
  5901 | D:4      | Noticed Edmund
  5962 | D:4      | Killed Edmund
  5963 | D:4      | Reached XP level 8. HP: 32/41 MP: 0/14
  6464 | D:4      | Noticed Natasha
  6468 | D:4      | Killed Natasha
  6576 | D:4      | Noticed Natasha
  6580 | D:4      | Killed Natasha
  6642 | D:4      | Noticed Natasha
  6645 | D:4      | Killed Natasha
  6726 | D:5      | Reached skill level 7 in Earth Magic
  7141 | D:5      | Reached skill level 5 in Spellcasting
  7142 | D:5      | Reached XP level 9. HP: 13/45 MP: 9/16
  7687 | D:5      | Reached skill level 8 in Earth Magic
  7830 | D:5      | Found a staircase to the Ecumenical Temple.
  7836 | Temple   | Entered the Ecumenical Temple
  7873 | Temple   | Became a worshipper of Vehumet
  8183 | D:4      | Slain by a yak

Illustrated notes

Levels and vault maps discovered:
D:1:      minmay_arrival_up_and_down, layout_basic, st_stairs_9
D:2:      layout_basic, serial_shops, nicolae_shop_advertising_works
          [nicolae_subvault_shop_adworks], shop, ebering_ecumenical_altar_hall,
          minmay_misc_feat_pillars, uniq_jessica, uniq_robin
D:3:      layout_loops_cross, uniq_terence
D:4:      layout_basic, nicolae_ossuary_entry_catacombs, uniq_grinder,
          uniq_edmund, uniq_natasha
D:5:      layout_rooms, minmay_temple_entry_enclosed_plants,
          minmay_statues_item, minmay_manual_mares
D:6:      layout_loops_corners
Temple:   mainiacjoe_temple_trianglar_array

Skill      XL: |  1  2  3  4  5  6  7  8  9 |
---------------+----------------------------+-----
Transmutations | 1 |  1.0
Earth Magic    | 4 5 6 7 8 |  8.7
Conjurations   | 1 2 3 4 |  4.8
Maces & Flails | 1 2 3 4 |  4.0
Spellcasting   | 3 4 5 6 |  6.0
Armour         | 1 3 |  3.1
Dodging        | 2 3 4 |  4.5
Stealth        | |  2.2

Action                   |  1- 3 |  4- 6 |  7- 9 || total
-------------------------+-------+-------+-------++-------
Melee: Dagger            |    15 |       |       ||    15
       Punch             |     2 |       |     2 ||     4
       Club              |       |    26 |   113 ||   139
 Cast: Sandblast         |    44 |    65 |    45 ||   154
       Stone Arrow       |       |    13 |    88 ||   101
  Use: Scroll            |       |     6 |       ||     6
 Stab: Sleeping          |       |     1 |     4 ||     5
Armor: Robe              |     4 |    16 |    46 ||    66
Dodge: Dodged            |    16 |    44 |    94 ||   154
